TOP OF THE 1ST |
Batavia Muckdogs batting - Pitching for Los Angeles (NYP) Dodgers : LHP Ben Moore
|
Pitching: LHP Ben Moore
|
|
Batting: RHB Tom Thompson
|
0-0: Called Strike 0-1: SINGLE (Groundball, 6D, EV 100.6 MPH)
|
Batting: LHB David Doge
|
0-0: Ball 1-0: Ball 2-0: Fielders Choice at 2nd, 4-6 (Groundball, 13, EV 84.4 MPH)
|
Batting: RHB Len Graham
|
0-0: Called Strike 0-1: Ball 1-1: Fly out, F8 (Line Drive, 8RM, EV 95.6 MPH)
|
Batting: RHB Jim Fisher
|
0-0: Ball 1-0: Called Strike 1-1: Called Strike 1-2: Foul Ball, location: 2F 1-2: Fly out, F7 (Flyball, 78M, EV 86.2 MPH)
|
Top of the 1st over - 0 runs, 1 hit, 0 errors, 1 left on base; Batavia 0 - Los Angeles (NYP) 0 |
BOTTOM OF THE 1ST |
Los Angeles (NYP) Dodgers batting - Pitching for Batavia Muckdogs : LHP Brian Worthy
|
Pitching: LHP Brian Worthy
|
|
Batting: RHB Roberto Monzon
|
0-0: Ball 1-0: Foul Ball, location: 2F 1-1: Foul Ball, location: 2F 1-2: Ball 2-2: Foul Ball, location: 2F 2-2: Ball 3-2: Ground out 5-3 (Groundball, 56S, EV 91.2 MPH)
|
Batting: RHB Mike Dodson
|
0-0: Ball 1-0: Called Strike 1-1: Called Strike 1-2: Foul Ball, location: 2F 1-2: Ball 2-2: Ball 3-2: Base on Balls
|
Batting: SHB Justin Toth
|
0-0: Ball 1-0: Ball 2-0: Called Strike 2-1: Ball 3-1: Ground out 5-3 (Groundball, 5S, EV 68.8 MPH) Mike Dodson to second
|
Batting: RHB Carlos Talavera
|
0-0: Fly out, F8 (Flyball, 8LM, EV 76.9 MPH)
|
Bottom of the 1st over - 0 runs, 0 hits, 0 errors, 1 left on base; Batavia 0 - Los Angeles (NYP) 0 |
TOP OF THE 2ND |
Batavia Muckdogs batting - Pitching for Los Angeles (NYP) Dodgers : LHP Ben Moore
|
Batting: RHB J.D. Vander Klok
|
0-0: Called Strike 0-1: Swinging Strike 0-2: Foul Ball, location: 2F 0-2: Ball 1-2: Ball 2-2: Strikes out swinging
|
Batting: RHB Andy Kelly
|
0-0: Called Strike 0-1: Called Strike 0-2: Foul Ball, location: 2F 0-2: Foul Ball, location: 2F 0-2: Ground out U3 (Groundball, 3, EV 89.4 MPH)
|
Batting: LHB Ryan Thompson
|
0-0: Called Strike 0-1: Called Strike 0-2: Ball 1-2: Strikes out swinging
|
Top of the 2nd over - 0 runs, 0 hits, 0 errors, 0 left on base; Batavia 0 - Los Angeles (NYP) 0 |
BOTTOM OF THE 2ND |
Los Angeles (NYP) Dodgers batting - Pitching for Batavia Muckdogs : LHP Brian Worthy
|
Batting: LHB Antonio Fierros
|
0-0: Ball 1-0: Ball 2-0: Called Strike 2-1: Fly out, F8 (Line Drive, 8LD, EV 98.1 MPH)
|
Batting: RHB Gary Ming
|
0-0: Called Strike 0-1: Ball 1-1: Fly out, F3 (Popup, 3S, EV 66.2 MPH)
|
Batting: LHB Jesus Prado
|
0-0: Ball 1-0: Fly out, F8 (Flyball, 78D, EV 89.4 MPH)
|
Bottom of the 2nd over - 0 runs, 0 hits, 0 errors, 0 left on base; Batavia 0 - Los Angeles (NYP) 0 |
TOP OF THE 3RD |
Batavia Muckdogs batting - Pitching for Los Angeles (NYP) Dodgers : LHP Ben Moore
|
Batting: RHB Wilson Valdez
|
0-0: Ball 1-0: Swinging Strike 1-1: Ball 2-1: Foul Ball, location: 2F 2-2: Strikes out swinging, 2-3 out at first.
|
Batting: SHB Yoo-chul Jung
|
0-0: Foul Ball, location: 2F 0-1: Ball 1-1: Ground out U3 (Groundball, 34S, EV 68.1 MPH)
|
Batting: RHB Tom Thompson
|
0-0: Ground out 6-3 (Groundball, 6, EV 99.4 MPH)
|
Top of the 3rd over - 0 runs, 0 hits, 0 errors, 0 left on base; Batavia 0 - Los Angeles (NYP) 0 |
BOTTOM OF THE 3RD |
Los Angeles (NYP) Dodgers batting - Pitching for Batavia Muckdogs : LHP Brian Worthy
|
Batting: SHB Josh Vaill
|
0-0: Ball 1-0: SINGLE (Groundball, 4M, EV 101.2 MPH)
|
Batting: RHB Nick Massengale
|
0-0: Ball 1-0: Ball 2-0: Ball 3-0: Called Strike 3-1: Foul Ball, location: 2F 3-2: Fielders Choice at 2nd, 5-4 (Groundball, 56, EV 103.8 MPH)
|
Batting: RHB Roberto Monzon
|
0-0: Ball Nick Massengale steals 2nd, throwing error, E2 Nick Massengale to third 1-0: Ball 2-0: SINGLE (Line Drive, 8LS, EV 102.5 MPH) Nick Massengale scores
|
Batting: RHB Mike Dodson
|
0-0: Ball 1-0: 2-RUN HOME RUN (Flyball, 89XD, EV 108.8 MPH), Distance : 434 ft
|
Batting: SHB Justin Toth
|
0-0: Ball 1-0: SOLO HOME RUN (Flyball, 78XD, EV 110.0 MPH), Distance : 439 ft
|
Batting: RHB Carlos Talavera
|
0-0: Ground out 4-3 (Groundball, 4, EV 80.6 MPH)
|
Batting: LHB Antonio Fierros
|
0-0: Swinging Strike 0-1: Foul Ball, location: 2F 0-2: Foul Ball, location: 2F 0-2: Ball 1-2: Ball 2-2: Ball 3-2: Fly out, F8 (Line Drive, 8LD, EV 93.1 MPH)
|
Bottom of the 3rd over - 4 runs, 4 hits, 1 error, 0 left on base; Batavia 0 - Los Angeles (NYP) 4 |
TOP OF THE 4TH |
Batavia Muckdogs batting - Pitching for Los Angeles (NYP) Dodgers : LHP Ben Moore
|
Batting: LHB David Doge
|
0-0: Called Strike 0-1: Swinging Strike 0-2: Fly out, F9 (Line Drive, 9, EV 96.9 MPH)
|
Batting: RHB Len Graham
|
0-0: Fly out, F4 (Popup, 34S, EV 83.1 MPH)
|
Batting: RHB Jim Fisher
|
0-0: Called Strike 0-1: Called Strike 0-2: Ball 1-2: Ball 2-2: Ball 3-2: SINGLE (Line Drive, 9S, EV 91.9 MPH)
|
Batting: RHB J.D. Vander Klok
|
0-0: Ball 1-0: Called Strike 1-1: Foul Ball, location: 2F 1-2: Strikes out swinging
|
Top of the 4th over - 0 runs, 1 hit, 0 errors, 1 left on base; Batavia 0 - Los Angeles (NYP) 4 |
BOTTOM OF THE 4TH |
Los Angeles (NYP) Dodgers batting - Pitching for Batavia Muckdogs : LHP Brian Worthy
|
Batting: RHB Gary Ming
|
0-0: Ball 1-0: Called Strike 1-1: Ball 2-1: Ground out U3 (Groundball, 3, EV 86.9 MPH)
|
Batting: LHB Jesus Prado
|
0-0: Ball 1-0: Called Strike 1-1: Called Strike 1-2: Foul Ball, location: 2F 1-2: Ball 2-2: Foul Ball, location: 2F 2-2: Fly out, F5 (Popup, 5S, EV 76.9 MPH)
|
Batting: SHB Josh Vaill
|
0-0: Ball 1-0: SINGLE (Groundball, 56D, EV 106.9 MPH)
|
Batting: RHB Nick Massengale
|
0-0: Ball 1-0: Foul Ball, location: 2F 1-1: Ball 2-1: Ball 3-1: Base on Balls Josh Vaill to second
|
Batting: RHB Roberto Monzon
|
0-0: Ball 1-0: Fielders Choice at 2nd, 6-4 (Groundball, 6, EV 87.5 MPH)
|
Bottom of the 4th over - 0 runs, 1 hit, 0 errors, 2 left on base; Batavia 0 - Los Angeles (NYP) 4 |
TOP OF THE 5TH |
Batavia Muckdogs batting - Pitching for Los Angeles (NYP) Dodgers : LHP Ben Moore
|
Batting: RHB Andy Kelly
|
0-0: Called Strike 0-1: Called Strike 0-2: Ball 1-2: Foul Ball, location: 2F 1-2: Foul Ball, location: 2F 1-2: Foul Ball, location: 2F 1-2: Ground out 4-3 (Groundball, 4S, EV 65.6 MPH)
|
Batting: LHB Ryan Thompson
|
0-0: Called Strike 0-1: Ball 1-1: Ball 2-1: Ball 3-1: Swinging Strike 3-2: Strikes out swinging
|
Batting: RHB Wilson Valdez
|
0-0: Called Strike 0-1: Foul Ball, location: 2F 0-2: Ball 1-2: Strikes out swinging
|
Top of the 5th over - 0 runs, 0 hits, 0 errors, 0 left on base; Batavia 0 - Los Angeles (NYP) 4 |
BOTTOM OF THE 5TH |
Los Angeles (NYP) Dodgers batting - Pitching for Batavia Muckdogs : LHP Brian Worthy
|
Batting: RHB Mike Dodson
|
0-0: Ball 1-0: Ball 2-0: SINGLE (Line Drive, 89M, EV 91.2 MPH)
|
Batting: SHB Justin Toth
|
0-0: Foul Ball, location: 2F 0-1: Fielders Choice at 2nd, 6-4 (Groundball, 6, EV 81.9 MPH)
|
Batting: RHB Carlos Talavera
|
0-0: Foul Ball, location: 2F 0-1: Foul Ball, location: 2F 0-2: Foul Ball, location: 2F 0-2: Ball 1-2: Strikes out swinging
|
Batting: LHB Antonio Fierros
|
0-0: Called Strike 0-1: SINGLE (Flyball, 56D, EV 95.0 MPH) Justin Toth to second
|
Batting: RHB Gary Ming
|
0-0: Ball 1-0: Called Strike 1-1: Fielders Choice at 2nd, 5-4 (Groundball, 5, EV 85.0 MPH)
|
Bottom of the 5th over - 0 runs, 2 hits, 0 errors, 2 left on base; Batavia 0 - Los Angeles (NYP) 4 |
TOP OF THE 6TH |
Batavia Muckdogs batting - Pitching for Los Angeles (NYP) Dodgers : LHP Ben Moore
|
Batting: SHB Yoo-chul Jung
|
0-0: Called Strike 0-1: Swinging Strike 0-2: Ground out 4-3 (Groundball, 4S, EV 68.1 MPH)
|
Batting: RHB Tom Thompson
|
0-0: Called Strike 0-1: Ball 1-1: Ball 2-1: Ground out 6-3 (Groundball, 6, EV 81.9 MPH)
|
Batting: LHB David Doge
|
0-0: Ball 1-0: Foul Ball, location: 2F 1-1: Swinging Strike 1-2: Ball 2-2: Strikes out swinging
|
Top of the 6th over - 0 runs, 0 hits, 0 errors, 0 left on base; Batavia 0 - Los Angeles (NYP) 4 |
BOTTOM OF THE 6TH |
Los Angeles (NYP) Dodgers batting - Pitching for Batavia Muckdogs : LHP Brian Worthy
|
Batting: LHB Jesus Prado
|
0-0: Called Strike 0-1: Foul Ball, location: 2F 0-2: Fly out, F8 (Flyball, 8LD, EV 73.8 MPH)
|
Batting: SHB Josh Vaill
|
0-0: Called Strike 0-1: Ground out 6-3 (Groundball, 6, EV 81.9 MPH)
|
Batting: RHB Nick Massengale
|
0-0: Ground out 1-3 (Groundball, 15S, EV 74.4 MPH)
|
Bottom of the 6th over - 0 runs, 0 hits, 0 errors, 0 left on base; Batavia 0 - Los Angeles (NYP) 4 |
TOP OF THE 7TH |
Batavia Muckdogs batting - Pitching for Los Angeles (NYP) Dodgers : LHP Ben Moore
|
Batting: RHB Len Graham
|
0-0: Called Strike 0-1: Foul Ball, location: 2F 0-2: Ball 1-2: Ground out 4-3 (Groundball, 4, EV 85.0 MPH)
|
Batting: RHB Jim Fisher
|
0-0: Ground out 6-3 (Groundball, 6, EV 83.1 MPH)
|
Batting: RHB J.D. Vander Klok
|
0-0: Ball 1-0: Called Strike 1-1: Foul Ball, location: 2F 1-2: Ball 2-2: Foul Ball, location: 2F 2-2: Strikes out swinging
|
Top of the 7th over - 0 runs, 0 hits, 0 errors, 0 left on base; Batavia 0 - Los Angeles (NYP) 4 |
BOTTOM OF THE 7TH |
Los Angeles (NYP) Dodgers batting - Pitching for Batavia Muckdogs : LHP Brian Worthy
|
Batting: RHB Roberto Monzon
|
0-0: Ball 1-0: Ground out 6-3 (Groundball, 6, EV 77.5 MPH)
|
Pitching: RHP Dan Durand
|
|
Batting: RHB Mike Dodson
|
0-0: SINGLE (Line Drive, 8LS, EV 96.2 MPH)
|
Batting: SHB Justin Toth
|
0-0: Called Strike 0-1: Foul Ball, location: 2F 0-2: Ball 1-2: Ball 2-2: Fielders Choice at 2nd, 4-6 (Groundball, 34D, EV 106.2 MPH)
|
Batting: RHB Carlos Talavera
|
0-0: Ball Justin Toth steals 2nd, throwing error, E2 Justin Toth to third 1-0: 2-RUN HOME RUN (Flyball, 9LD, EV 100.0 MPH), Distance : 360 ft
|
Batting: LHB Antonio Fierros
|
0-0: Called Strike 0-1: Ball 1-1: Foul Ball, location: 2F 1-2: Foul Ball, location: 2F 1-2: Ball 2-2: DOUBLE (Flyball, 8LXD, EV 91.9 MPH)
|
Batting: RHB Gary Ming
|
0-0: Ball 1-0: Foul Ball, location: 2F 1-1: Fly out, F9 (Flyball, 9, EV 95.0 MPH)
|
Bottom of the 7th over - 2 runs, 3 hits, 1 error, 1 left on base; Batavia 0 - Los Angeles (NYP) 6 |
TOP OF THE 8TH |
Batavia Muckdogs batting - Pitching for Los Angeles (NYP) Dodgers : LHP Ben Moore
|
Batting: RHB Andy Kelly
|
0-0: Called Strike 0-1: Fly out, F8 (Flyball, 8RXD, EV 94.4 MPH)
|
Batting: LHB Ryan Thompson
|
0-0: Swinging Strike 0-1: Called Strike 0-2: Ball 1-2: Ball 2-2: Strikes out swinging
|
Batting: RHB Wilson Valdez
|
0-0: Foul Ball, location: 2F 0-1: Foul Ball, location: 2F 0-2: Ball 1-2: Ball 2-2: Fly out, F9 (Line Drive, 89S, EV 104.4 MPH)
|
Top of the 8th over - 0 runs, 0 hits, 0 errors, 0 left on base; Batavia 0 - Los Angeles (NYP) 6 |
BOTTOM OF THE 8TH |
Los Angeles (NYP) Dodgers batting - Pitching for Batavia Muckdogs : RHP Dan Durand
|
Batting: LHB Jesus Prado
|
0-0: Ball 1-0: Ball 2-0: Foul Ball, location: 2F 2-1: Ground out 6-3 (Groundball, P, EV 93.8 MPH)
|
Batting: SHB Josh Vaill
|
0-0: Swinging Strike 0-1: Ball 1-1: Ball 2-1: Foul Ball, location: 2F 2-2: Foul Ball, location: 2F 2-2: Foul Ball, location: 2F 2-2: Foul Ball, location: 2F 2-2: Ball 3-2: Base on Balls
|
Batting: RHB Nick Massengale
|
Pickoff Throw to First - Out! 1-3 0-0: Called Strike 0-1: Foul Ball, location: 2F 0-2: Foul Ball, location: 2F 0-2: Strikes out swinging
|
Bottom of the 8th over - 0 runs, 0 hits, 0 errors, 0 left on base; Batavia 0 - Los Angeles (NYP) 6 |
TOP OF THE 9TH |
Batavia Muckdogs batting - Pitching for Los Angeles (NYP) Dodgers : LHP Ben Moore
|
Batting: SHB Yoo-chul Jung
|
0-0: Swinging Strike 0-1: Swinging Strike 0-2: Ball 1-2: Foul Ball, location: 2F 1-2: Strikes out swinging
|
Pitching: LHP Mario Arango
|
|
Batting: RHB Tom Thompson
|
0-0: Foul Ball, location: 2F 0-1: Foul Ball, location: 2F 0-2: Ball 1-2: Ball 2-2: Ground out 5-3 (Groundball, 5, EV 81.2 MPH)
|
Batting: LHB David Doge
|
0-0: Ball 1-0: Ball 2-0: Called Strike 2-1: Ball 3-1: Base on Balls
|
Batting: RHB Len Graham
|
0-0: Called Strike 0-1: Ball 1-1: Foul Ball, location: 2F Pickoff Throw to First - Error! E1 David Doge to second 1-2: Ball 2-2: Strikes out swinging
|
Top of the 9th over - 0 runs, 0 hits, 1 error, 1 left on base; Batavia 0 - Los Angeles (NYP) 6 |
|